 Dungeon Crawl Stone Soup version 0.21.0-3-g78d12a8 (webtiles) character file.

60504 Helmschank the Basher (level 14, -8/136 HPs)
             Began as a Deep Dwarf Fighter on Jan 11, 2018.
             Was the Champion of Makhleb.
             Mangled by an orc knight
             ... wielding a +0 great sword
              (17 damage)
             ... on level 1 of the Orcish Mines.
             The game lasted 01:42:24 (17566 turns).

Helmschank the Basher (Deep Dwarf Fighter)         Turns: 17566, Time: 01:42:25

Health: -8/136     AC: 13    Str: 26    XL:     14   Next: 57%
Magic:  19/19      EV: 10    Int: 10    God:    Makhleb [******]
Gold:   1475       SH: 13    Dex: 12    Spells: 13/13 levels left

rFire    + . .     SeeInvis .   a - +10 morningstar "Eos" {elec, Halo rElec}
rCold    + + .     Gourm    +   c - +1 shield
rNeg     + + .     Faith    .   K - +0 chain mail {rC+}
rPois    .         Spirit   .   (no helmet)
rElec    +         Reflect  .   M - scarf {rC+ rF+}
rCorr    .         Harm     .   T - +0 pair of gloves
MR       ++...                  O - +0 pair of boots
Stlth    ..........             g - amulet of the gourmand
HPRegen  0.00/turn              E - ring of positive energy
MPRegen  0.16/turn              A - +2 ring of strength

@: non-regenerating, glowing
A: damage resistance, heal wounds, negative energy resistance 1, sense
surroundings 2, no regeneration
a: Heal Wounds, Minor Destruction, Lesser Servant of Makhleb, Major Destruction,
Greater Servant of Makhleb, Renounce Religion


You were on level 1 of the Orcish Mines.
You worshipped Makhleb.
Makhleb was exalted by your worship.
You were completely stuffed.

You visited 4 branches of the dungeon, and saw 19 of its levels.
You also visited: Ossuary and Ice Cave.

You collected 1475 gold pieces.

Inventory:

Hand Weapons
 a - the +10 morningstar "Eos" (weapon) {elec, Halo rElec}
   (You found it on level 5 of the Dungeon)

   Occasionally, upon striking a foe, it will discharge some electrical energy
   and cause terrible harm.
   It insulates you from electricity.
 b - a +0 hunting sling
 e - a +0 hand axe of flaming
 w - a +5 war axe
 U - the +3 whip of Goec {speed, Int+2}
   (You found it on level 6 of the Lair of Beasts)

   Attacks with this weapon are significantly faster.
   It affects your intelligence (+2).
Missiles
 o - 74 bolts
 r - 90 sling bullets
 I - 44 tomahawks (quivered)
Armour
 c - a +1 shield (worn)
 K - a +0 chain mail of cold resistance (worn)
 M - a scarf of resistance (worn)
 N - a +2 buckler of cold resistance
 O - a +0 pair of boots (worn)
 S - a +8 plate armour of ponderousness
 T - a +0 pair of gloves (worn)
Jewellery
 g - an amulet of the gourmand (around neck)
 s - an uncursed ring of fire
 A - a +2 ring of strength (right hand)
 E - a ring of positive energy (left hand)
 H - an uncursed ring of flight
 Z - an uncursed ring of ice
Wands
 n - a wand of acid (26)
 x - a wand of iceblast (22)
 C - a wand of flame (27)
Scrolls
 h - 3 scrolls of magic mapping
 l - 3 scrolls of fear
 q - a scroll of immolation
 t - 2 scrolls of remove curse
 v - 5 scrolls of identify
 B - 4 scrolls of teleportation
 X - a scroll of fog
Potions
 d - 2 potions of might
 i - 2 potions of flight
 j - 3 potions of heal wounds
 m - 3 potions of agility
 p - a potion of cancellation
 z - 6 potions of curing
 D - 4 potions of magic
 J - 2 potions of berserk rage
 P - 3 potions of mutation
 R - a potion of haste
Books
 k - a book of Frost

   Spells                             Type                      Level
   a - Freeze                         Ice                          1
   b - Throw Frost                    Conjuration/Ice              2
   c - Ozocubu's Armour               Charms/Ice                   3
   d - Throw Icicle                   Conjuration/Ice              4
   e - Summon Ice Beast               Ice/Summoning                4
 y - a book of Ice

   Spells                             Type                      Level
   a - Ice Form                       Ice/Transmutation            4
   b - Metabolic Englaciation         Hexes/Ice                    5
   c - Ozocubu's Refrigeration        Ice                          6
   d - Bolt of Cold                   Conjuration/Ice              6
   e - Freezing Cloud                 Conjuration/Ice/Air          6
   f - Simulacrum                     Ice/Necromancy               6
Comestibles
 f - 37 rations
 u - 8 chunks of flesh


   Skills:
 + Level 11.7 Fighting
 - Level 9.4(13.4) Axes
 - Level 14.1(15.0) Maces & Flails
 - Level 6.0 Slings
 - Level 7.1 Armour
 - Level 5.0 Dodging
 - Level 10.0 Shields
 - Level 11.4 Invocations
 - Level 3.9 Evocations


You had 13 spell levels left.
You didn't know any spells.

Dungeon Overview and Level Annotations

Branches:
Dungeon (10/15)            Temple (1/1) D:6            Lair (6/6) D:10
  Swamp (0/4) Lair:3        Snake (0/4) Lair:3        Slime (0/5) Lair:6
    Orc (2/2) D:10            Elf (0/3) Orc:2

Altars:
Ashenzari
Cheibriados
Dithmenos
Elyvilon
Fedhas
Gozag
Hepliaklqana
Kikubaaqudgha
Makhleb
Nemelex Xobeh
Okawaru
Qazlal
Ru
Sif Muna
Trog
Uskayaw
Vehumet
Wu Jian
Xom
Yredelemnul
Zin
The Shining One
Beogh
Jiyva


Innate Abilities, Weirdness & Mutations

You are resistant to damage.
You can heal yourself by infusing magical energy.
You resist negative energy. (rN+)
You passively map the area around you.
You do not regenerate.


Message History

The orc knight is moderately wounded.
You sock the orc knight!
The orc knight is heavily wounded.
You block the orc knight's attack. The orc knight closely misses you.
You barely miss the orc knight.
The orc knight is heavily wounded.
The orc knight closely misses you.
You completely miss the orc knight.
The orc knight is heavily wounded.
The orc knight roars a battlecry!
The orc knight goes into a battle-frenzy!
You sock the orc knight!
The orc knight is severely wounded.
You block the orc knight's attack. x2
You puncture the orc knight!
The orc knight is severely wounded.
The orc knight hits you with a great sword!!!
* * * LOW HITPOINT WARNING * * *
The orc knight hits you with a great sword!!
You die...

##.........#.......#.....
#..........#.......#.##..
##.............._.....#...
#...........#.......#.....
##..........#.......#.....
##.##......##.....##.....
#......).#.####.####.#...
##.##.#.[o...........###.
#####.)@[......###### #.
#..)[o..#..## ##
####..[)...### #.
#.##........# ###.
###...........## ##.#.
#.....#.#......## #..#.
##....####......# #....
#.....##......#######...
#......#....### #.# ##..


You could see 2 orc knights.

Vanquished Creatures
  Snorg (Lair:4)
  A fire dragon (Lair:6)
  Erolcha (D:10)
  6 hydras
  3 catoblepae (Lair:6)
  6 two-headed ogres
  3 orc high priests
  3 death yaks (D:10)
  A swamp dragon (Lair:6)
  A lindwurm (Lair:6)
  A necromancer (IceCv)
  2 orc knights (Orc:2)
  3 orc sorcerers
  24 elephants
  2 manticores (Lair:6)
  An ice statue (IceCv)
  2 black mambas
  A guardian serpent (Lair:3)
  10 freezing wraiths (IceCv)
  9 rime drakes
  10 spiny frogs
  4 komodo dragons
  2 trolls
  Prince Ribbit (D:9)
  7 dream sheep
  Grinder (D:5)
  13 blink frogs
  5 hippogriffs
  A wyvern (Lair:2)
  11 yaks
  A hungry ghost (D:10)
  4 basilisks
  A steam dragon (Lair:6)
  2 death yak simulacra (IceCv)
  Grum (D:9)
  6 wargs
  Menkaure (Ossuary)
  2 acid dragons (Lair:6)
  4 porcupines
  7 water moccasins
  8 ice beasts
  2 swamp drakes (Lair:6)
  An alligator simulacrum (IceCv)
  23 orc warriors
  The ghost of AllAloneInSpace the Skirmisher, an amateur HOFi of Nemelex Xobeh (D:3)
  3 sky beasts
  3 phantoms
  4 black bears
  An eye of draining (D:10)
  5 centaurs
  15 ogres
  12 crocodiles
  5 wolves
  3 big kobolds (D:10)
  A gnoll sergeant (Orc:2)
  10 bullfrogs
  A wyvern skeleton (D:8)
  4 scorpions
  6 killer bees (D:9)
  8 wights
  2 electric eels
  3 crimson imps
  2 bullfrog zombies
  3 draconian simulacra (IceCv)
  8 hounds
  13 orc priests
  A centaur skeleton (D:5)
  4 jellies
  Crazy Yiuf (D:2)
  2 bullfrog skeletons
  38 orc wizards
  Ijyb (D:3)
  7 worker ants
  4 iguanas
  6 troll simulacra (IceCv)
  A wolf simulacrum (IceCv)
  3 spriggan simulacra (IceCv)
  5 centaur simulacra (IceCv)
  A hound zombie (D:8)
  A mummy (Ossuary)
  A worker ant zombie (D:4)
  4 gnolls (Orc:2)
  6 adders
  2 naga simulacra (IceCv)
  An ogre simulacrum (IceCv)
  2 shadow imps
  12 white imps (IceCv)
  An adder zombie (D:6)
  4 worms
  A dart slug (D:1)
  4 leopard geckos
  93 orcs
  7 giant cockroaches
  4 gnoll zombies (Ossuary)
  6 goblins
  3 hobgoblins
  4 jackals (D:6)
  A quokka (D:2)
  A ball python (D:3)
  11 bats
  5 frilled lizards
  A giant cockroach zombie (D:6)
  2 gnoll skeletons (Ossuary)
  2 goblin zombies (Ossuary)
  A hobgoblin zombie (Ossuary)
  8 kobolds
  3 kobold skeletons (Ossuary)
  A kobold zombie (Ossuary)
  A leopard gecko skeleton (D:5)
  An orc zombie (Ossuary)
  A quokka skeleton (D:7)
  9 rats
  2 rat skeletons (Ossuary)
592 creatures vanquished.

Vanquished Creatures (others)
  2 mummies (Ossuary)
  An orc (Orc:1)
  3 gnoll zombies (Ossuary)
  2 gnoll skeletons (Ossuary)
  3 goblin skeletons (Ossuary)
  5 goblin zombies (Ossuary)
  2 hobgoblin skeletons (Ossuary)
  A hobgoblin zombie (Ossuary)
  6 kobold skeletons (Ossuary)
  2 kobold zombies (Ossuary)
  3 orc skeletons (Ossuary)
  2 orc zombies (Ossuary)
  2 rat skeletons (Ossuary)
  3 rat zombies (Ossuary)
  18 fungi (Lair:6)
  10 plants (Lair:6)
65 creatures vanquished.

Grand Total: 657 creatures vanquished

Notes
Turn   | Place    | Note
-------+----------+-------------------------------------------
     0 | D:1      | Helmschank the Deep Dwarf Fighter began the quest for the Orb.
     0 | D:1      | Reached XP level 1. HP: 20/20 MP: 1/1
    91 | D:1      | Reached XP level 2. HP: 22/27 MP: 2/2
   556 | D:2      | Reached XP level 3. HP: 30/33 MP: 3/3
   778 | D:2      | Reached skill level 5 in Axes
   778 | D:2      | Reached XP level 4. HP: 19/40 MP: 4/4
  1087 | D:2      | Reached XP level 5. HP: 45/46 MP: 5/5
  1488 | D:2      | Found a runed door.
  1492 | D:2      | Noticed Crazy Yiuf
  1500 | D:2      | Killed Crazy Yiuf
  1582 | D:3      | Found a shattered altar of Ashenzari.
  1582 | D:3      | Noticed AllAloneInSpace's ghost (amateur HOFi)
  1592 | D:3      | Killed AllAloneInSpace's ghost
  1592 | D:3      | Reached XP level 6. HP: 34/55 MP: 6/6
  1626 | D:3      | Found a faded altar of an unknown god.
  1741 | D:3      | Noticed Ijyb
  1764 | D:3      | Killed Ijyb
  2172 | D:3      | Found an opulent altar of Gozag.
  2300 | D:3      | Reached skill level 1 in Evocations
  2598 | D:4      | Found a sand-covered staircase.
  2603 | Ossuary  | Entered an ossuary
  2911 | Ossuary  | Noticed Menkaure
  2920 | Ossuary  | Killed Menkaure
  2920 | Ossuary  | Reached XP level 7. HP: 38/64 MP: 6/8
  3008 | D:4      | Found a hazy altar of Hepliaklqana.
  3695 | D:5      | Entered Level 5 of the Dungeon
  3808 | D:5      | Found an ornate altar of the Wu Jian Council.
  3842 | D:5      | Noticed Grinder
  3847 | D:5      | Killed Grinder
  3847 | D:5      | Reached XP level 8. HP: 52/72 MP: 8/8
  4127 | D:5      | Reached skill level 5 in Fighting
  4280 | D:5      | Found the +10 morningstar "Eos" {elec, Halo rElec}
  4379 | D:5      | Reached skill level 1 in Maces & Flails
  4797 | D:6      | Reached skill level 2 in Maces & Flails
  4825 | D:6      | Found a staircase to the Ecumenical Temple.
  4851 | D:6      | Reached skill level 3 in Maces & Flails
  4861 | Temple   | Entered the Ecumenical Temple
  5084 | D:6      | Found a blossoming altar of Fedhas.
  5084 | D:6      | Found a burning altar of Makhleb.
  5092 | D:6      | Became a worshipper of Makhleb the Destroyer
  5133 | D:6      | Reached skill level 4 in Maces & Flails
  5383 | D:6      | Found a basalt altar of Yredelemnul.
  5552 | D:6      | Reached skill level 5 in Maces & Flails
  5552 | D:6      | Gained mutation: You passively map the area around you. [Deep Dwarf growth]
  5552 | D:6      | Reached XP level 9. HP: 48/81 MP: 9/9
  5840 | D:7      | Reached skill level 6 in Maces & Flails
  5927 | D:7      | Reached skill level 7 in Maces & Flails
  5966 | D:7      | Reached * piety under Makhleb
  6095 | D:7      | Reached skill level 1 in Dodging
  6629 | D:7      | Found a hide-covered altar of Uskayaw.
  6629 | D:7      | Found a sacrificial altar of Ru.
  6863 | D:8      | Found a snail-covered altar of Cheibriados.
  6979 | D:8      | Reached skill level 5 in Armour
  7014 | D:8      | Found a radiant altar of Vehumet.
  7126 | D:8      | Noticed a two-headed ogre
  7139 | D:8      | Killed a two-headed ogre
  7139 | D:8      | Reached skill level 8 in Maces & Flails
  7139 | D:8      | Reached XP level 10. HP: 83/91 MP: 10/10
  7324 | D:8      | Reached ** piety under Makhleb
  7352 | D:8      | Noticed a two-headed ogre
  7362 | D:7      | Killed a two-headed ogre
  7362 | D:7      | Reached skill level 9 in Maces & Flails
  7379 | D:8      | Got a smelly ring mail
  7392 | D:8      | Identified the +1 ring mail of Sotur {Str+5 Dex+2} (You took it off an orc priest on level 8 of the Dungeon)
  8085 | D:9      | Noticed a two-headed ogre
  8096 | D:9      | Killed a two-headed ogre
  8197 | D:9      | Reached skill level 1 in Invocations
  8377 | D:9      | Noticed Grum
  8390 | D:9      | Killed Grum
  8462 | D:9      | Noticed Prince Ribbit
  8467 | D:9      | Killed Prince Ribbit
  8680 | D:10     | Entered Level 10 of the Dungeon
  8703 | D:10     | Reached skill level 5 in Invocations
  8741 | D:10     | Noticed a two-headed ogre
  8748 | D:10     | Killed a two-headed ogre
  8748 | D:10     | Reached XP level 11. HP: 42/103 MP: 11/13
  8817 | D:10     | Noticed a death yak
  8826 | D:10     | Noticed a death yak
  8828 | D:10     | Noticed a death yak
  8830 | D:10     | Killed a death yak
  8843 | D:10     | Killed a death yak
  8858 | D:10     | Killed a death yak
  8859 | D:10     | Reached *** piety under Makhleb
  8877 | D:10     | Found a staircase to the Lair.
  9095 | D:10     | Noticed Erolcha
  9106 | D:10     | Killed Erolcha
  9228 | D:10     | Reached skill level 10 in Invocations
  9344 | D:10     | Found a staircase to the Orcish Mines.
  9391 | D:10     | Reached skill level 5 in Dodging
  9574 | D:10     | Noticed a three-headed hydra
  9584 | D:10     | Killed a one-headed hydra
  9672 | Lair:1   | Entered Level 1 of the Lair of Beasts
  9898 | Lair:1   | Reached **** piety under Makhleb
  9898 | Lair:1   | Reached XP level 12. HP: 94/111 MP: 17/17
  9959 | Lair:1   | Reached skill level 5 in Shields
 10547 | Lair:2   | Reached skill level 10 in Maces & Flails
 11418 | Lair:3   | Found a staircase to the Swamp.
 11687 | Lair:3   | Reached skill level 11 in Maces & Flails
 11869 | Lair:3   | Found a staircase to the Snake Pit.
 12191 | Lair:4   | Reached skill level 12 in Maces & Flails
 12251 | Lair:4   | Noticed a four-headed hydra
 12258 | Lair:4   | Killed a four-headed hydra
 12278 | Lair:4   | Noticed Snorg
 12304 | Lair:4   | Killed Snorg
 12304 | Lair:4   | Reached skill level 1 in Slings
 12487 | Lair:4   | Noticed a six-headed hydra
 12493 | Lair:4   | Killed a six-headed hydra
 13128 | Lair:5   | Reached XP level 13. HP: 107/120 MP: 18/18
 13802 | Lair:6   | Entered Level 6 of the Lair of Beasts
 13911 | Lair:6   | Reached skill level 5 in Slings
 14121 | Lair:6   | Reached skill level 10 in Fighting
 14463 | Lair:6   | Found a staircase to the Slime Pits.
 14464 | Lair:6   | Found a viscous altar of Jiyva.
 14511 | Lair:6   | Reached ***** piety under Makhleb
 14599 | Lair:6   | Reached skill level 10 in Shields
 14792 | Lair:6   | Noticed a fire dragon
 14804 | Lair:6   | Killed a fire dragon
 14959 | Lair:6   | Reached skill level 13 in Maces & Flails
 15025 | Lair:6   | Gained mutation: You resist negative energy. (rN+) [Deep Dwarf growth]
 15025 | Lair:6   | Reached XP level 14. HP: 132/132 MP: 19/19
 15093 | Lair:6   | Got a shimmering whip
 15103 | Lair:6   | Identified the +3 whip of Goec {speed, Int+2} (You found it on level 6 of the Lair of Beasts)
 15637 | Orc:1    | Entered Level 1 of the Orcish Mines
 15732 | Orc:1    | Reached skill level 14 in Maces & Flails
 15857 | Orc:2    | Entered Level 2 of the Orcish Mines
 15900 | Orc:2    | Found a frozen archway.
 15921 | IceCv    | Entered an ice cave
 16096 | IceCv    | Got a crude falchion
 16197 | IceCv    | Found an ancient bone altar of Kikubaaqudgha.
 16226 | IceCv    | Reached ****** piety under Makhleb
 16525 | Orc:2    | Identified the +10 falchion of Beogh's Condemnation {slice, Str+3} (You found it in an ice cave)
 16864 | Orc:2    | Found a staircase to the Elven Halls.
 17302 | Orc:1    | Found a roughly hewn altar of Beogh.
 17566 | Orc:1    | Mangled by an orc knight

Skill      XL: |  1  2  3  4  5  6  7  8  9 10 11 12 13 14 |
---------------+-------------------------------------------+-----
Axes           | 3 5 7 9 |  9.4
Fighting       | 4 5 6 8 10 11 | 11.7
Evocations     | 3 |  3.9
Maces & Flails | 5 8 9 12 13 14 | 14.1
Dodging        | 3 5 |  5.0
Armour         | 5 7 |  7.1
Invocations    | 6 11 | 11.4
Shields        | 4 7 10 | 10.0
Slings         | 3 6 |  6.0

Action                   |  1- 3 |  4- 6 |  7- 9 | 10-12 | 13-15 || total
-------------------------+-------+-------+-------+-------+-------++-------
Melee: War axe           |   111 |   181 |   177 |   181 |    10 ||   660
       Morningstar       |       |       |   112 |   278 |   580 ||   970
       Hand axe          |       |       |       |    21 |       ||    21
 Fire: Hunting sling     |       |       |       |       |     5 ||     5
Throw: Stone             |    18 |    86 |    47 |       |       ||   151
       Tomahawk          |       |       |    62 |    60 |    84 ||   206
       Javelin           |       |       |       |    91 |    42 ||   133
Invok: Lesser Servant of |       |       |       |     1 |       ||     1
 Abil: Heal Wounds       |     2 |     2 |     6 |     8 |     2 ||    20
Evoke: Wand              |       |     4 |     5 |    10 |     2 ||    21
  Use: Scroll            |       |    11 |     9 |     6 |     2 ||    28
       Potion            |       |       |     1 |     2 |       ||     3
 Stab: Paralysed         |       |       |     4 |       |       ||     4
  Eat: Chunk             |       |     6 |    17 |    28 |    15 ||    66
Armor: Scale mail        |    71 |     5 |       |       |       ||    76
       Chain mail        |       |    60 |    91 |   152 |   166 ||   469
       Plate armour      |       |       |       |       |    32 ||    32
Dodge: Dodged            |    47 |    30 |    53 |    94 |   174 ||   398
Block: Shield            |    59 |    81 |    92 |   240 |   344 ||   816
